 Dungeon Crawl Stone Soup version 0.26-a0-317-ge2f3d4a7ca (webtiles) character file.

Game seed: 4451566568986139422

200 BritishOli the Skirmisher (level 5, 20/42 HPs)
             Began as a Demonspawn Fighter on July 16, 2020.
             Quit the game on level 3 of the Dungeon.
             The game lasted 00:01:48 (2282 turns).

BritishOli the Skirmisher (Demonspawn Fighter)      Turns: 2282, Time: 00:01:49

Health: 20/42      AC:  8    Str: 17    XL:     5   Next: 48%
Magic:  3/5        EV:  7    Int:  9    God:
Gold:   171        SH:  9    Dex: 13    Spells: 4/4 levels left

rFire    + . .     SeeInvis .   a - +0 long sword
rCold    . . .     Faith    .   c - +0 kite shield
rNeg     + . .     Spirit   +   b - +0 scale mail
rPois    .         Reflect  .   (helmet restricted)
rElec    .         Harm     .   i - +0 cloak
rCorr    .                      (no gloves)
MR       .....                  (no boots)
Stlth    ..........             m - amulet of magic regeneration
HPRegen  0.14/turn              n - ring of positive energy
MPRegen  0.34/turn              (no ring)

@: no status effects
A: horns 1, fire resistance 1, magic shield
a: no special abilities


You were on level 3 of the Dungeon.
You visited 1 branch of the dungeon, and saw 3 of its levels.

You collected 171 gold pieces.

Inventory:

Hand Weapons
 a - a +0 long sword (weapon)
 h - a +0 hand axe
Missiles
 j - 2 javelins (quivered)
Armour
 b - a +0 scale mail (worn)
 c - a +0 kite shield (worn)
 i - a +0 cloak (worn)
Jewellery
 m - an amulet of magic regeneration (around neck)
 n - a ring of positive energy (left hand)
Scrolls
 e - a scroll of random uselessness {unknown}
 l - 5 scrolls of teleportation {unknown}
 q - 4 scrolls of identify {unknown}
 r - a scroll of fear {unknown}
 t - 2 scrolls of amnesia {unknown}
 u - 2 scrolls of enchant weapon {unknown}
 v - a scroll of remove curse {unknown}
Potions
 d - a potion of might
 f - 2 potions of flight {unknown}
 g - a potion of degeneration {unknown}
 k - 2 potions of stabbing {unknown}
 o - a potion of invisibility {unknown}
 p - 3 potions of haste {unknown}
 s - a potion of mutation {unknown}


   Skills:
 + Level 4.0 Fighting
 + Level 3.0 Long Blades
 + Level 3.6 Armour
 + Level 3.6 Shields


You had 4 spell levels left.
You didn't know any spells.
Your spell library contained the following spells:

 Spells                   Type           Power        Failure   Level
 Pain                     Necr           #...         99%         1


Dungeon Overview and Level Annotations

Branches:
Dungeon (3/15)

Altars:
Gozag
Kikubaaqudgha
Sif Muna
Vehumet
The Shining One


Innate Abilities, Weirdness & Mutations

You have a pair of small horns on your head.
Your flesh is heat resistant. (rF+)
When hurt, damage is shared between your health and your magic reserves.


Message History

A bullfrog is nearby!
You are too injured to fight recklessly!
A bullfrog is nearby!
You are too injured to fight recklessly!
A bullfrog is nearby!
You are too injured to fight recklessly!
A bullfrog is nearby!
You are too injured to fight recklessly!
A bullfrog is nearby!
You miss the bullfrog.
The bullfrog is severely wounded.
You block the bullfrog's attack. The bullfrog hits you.
You slash the bullfrog!
You kill the bullfrog!
Your Fighting skill increases to level 4!
Your Long Blades skill increases to level 3!
You see here a bullfrog corpse.
Autopickup is now off.
Autopickup is now on.
Are you sure you want to abandon this character and quit the game? (Confirm with "yes".)

#.######.# .. #.#
#.# #. #.# #<# #.
#######.######.# #.
#............#.#
#.##.#####.##.....#
#..#.# #.##......
#....# #........#
##@#.# ####.....#
#.#.# #.....# #.#.#
########.#.# #.#..
.........#.# #.###
##########.# ...
#.# #.# #.# #.# #..
###


There were no monsters in sight!

Vanquished Creatures
  A bullfrog (D:3)
  A jelly (D:2)
  3 adders
  3 oozes
  2 dart slugs
  3 leopard geckos
  An orc (D:3)
  5 giant cockroaches
  3 goblins
  6 hobgoblins
  9 jackals
  8 kobolds
  7 bats
  3 frilled lizards
  10 rats
65 creatures vanquished.

Notes
Turn   | Place    | Note
-------+----------+-------------------------------------------
     0 | D:1      | BritishOli the Demonspawn Fighter began the quest for the
                  | Orb.
     0 | D:1      | Reached XP level 1. HP: 18/18 MP: 1/1
   192 | D:1      | Gained mutation: You have a pair of small horns on your
                  | head. [demonic ancestry]
   192 | D:1      | Reached XP level 2. HP: 24/24 MP: 2/2
   640 | D:2      | Found an opulent altar of Gozag.
   766 | D:2      | Found an ancient bone altar of Kikubaaqudgha.
   768 | D:2      | Found a shimmering blue altar of Sif Muna.
   771 | D:2      | Found a radiant altar of Vehumet.
   773 | D:2      | Identified Kikubaaqudgha's Incunabulum of Unholy Secrets
   868 | D:2      | Gained mutation: Your flesh is heat resistant. (rF+)
                  | [demonic ancestry]
   868 | D:2      | Reached XP level 3. HP: 29/29 MP: 3/3
  1106 | D:2      | Reached XP level 4. HP: 35/35 MP: 4/4
  1547 | D:2      | Found a faded altar of an unknown god.
  1821 | D:3      | Found a glowing golden altar of the Shining One.
  2151 | D:3      | Gained mutation: When hurt, damage is shared between your
                  | health and your magic reserves. [demonic ancestry]
  2151 | D:3      | Reached XP level 5. HP: 36/42 MP: 5/5
  2280 | D:3      | Reached skill level 4 in Fighting
  2282 | D:3      | Quit the game

Illustrated notes

Levels and vault maps discovered:
D:1:      beargit_arrival_greenhouse, layout_rooms
D:2:      cheibrodos_helix_gallery, layout_loops_corners,
          grunt_temple_overflow_magic_moments, grunt_gozag_breadcrumbs,
          chequers_ecumenical_altar_grove
D:3:      layout_loops_ring, old_standard_altar, ebering_ghost_inner_flame,
          kennysheep_generic_room_16

Skill      XL: |  1  2  3  4  5 |
---------------+----------------+-----
Long Blades    | 2 3 |  3.0
Shields        | 3 |  3.6
Armour         | 3 |  3.6
Fighting       | 4 |  4.0

Action                   |  1- 3 |  4- 6 || total
-------------------------+-------+-------++-------
Melee: Long sword        |    86 |   116 ||   202
       Headbutt          |     5 |    11 ||    16
Armor: Scale mail        |    63 |    53 ||   116
Dodge: Dodged            |    27 |    34 ||    61
Block: Kite shield       |    50 |    57 ||   107
       Rpst.: Long sword |    11 |     7 ||    18

Table legend:
 A = Non-vault XP
 B = Vault XP
 C = Vault XP percentage of total XP
 D = Non-vault monster count
 E = Vault monster count
 F = Vault count percentage of total count
                 A         B        C        D         E       F
            +---------+---------+-------+---------+---------+-------
      Total |     272 |      14 |   4.9 |      63 |       2 |   3.1
            +---------+---------+-------+---------+---------+-------
        D:1 |      33 |       0 |   0.0 |      22 |       0 |   0.0
        D:2 |     102 |      14 |  12.1 |      26 |       2 |   7.1
        D:3 |     137 |       0 |   0.0 |      15 |       0 |   0.0
            +---------+---------+-------+---------+---------+-------
